General information
- name: BNet
- type: Ladder team game (AT/RT)
- host: Battle.net
- saver: BEAR_AND
map: Mur'gulOasis
- players: 8
- length: 28:49
- speed: Fast
- version: 1.21 W3XP
- replay type:

» download(245 KB)
Players
team 1 (loser)
cellardoor. (
red | 57 APM | 1631 actions | 28:48)
4 Death Knight
2 Death Coil
2 Unholy Aura
3 Lich
2 Frost Nova
1 Frost Armor
» actions
| Assign group hotkey | 14 | |
| Basic commands | 5 | |
| Build / train | 50 | |
| Enter build submenu | 22 | |
| Enter hero's abilities submenu | 7 | |
| Remove unit from queue | 2 | |
| Right click | 689 | |
| Select / deselect | 304 | |
| Select group hotkey | 464 | |
| Use ability | 74 | |
1631 total
» units
| Acolyte | 8 | |
| Ghoul | 1 | |
| Crypt Fiend | 6 | |
| Obsidian Statue | 2 | |
| Meatwagon | 5 | |
| Necromancer | 6 | |
28 total
» upgrades
| Creature Attack | 2 | |
| Burrow | 1 | |
| Web | 1 | |
| Unholy Strength | 1 | |
5 total
» buildings
| Crypt | 1 | |
| Graveyard | 1 | |
| Altar of Darkness | 1 | |
| Ziggurat | 10 | |
| Tomb of Relics | 1 | |
| Nerubian Tower | 3 | |
| Spirit Tower | 1 | |
| Halls of the Dead | 1 | |
| Slaughterhouse | 1 | |
| Temple of the Damned | 1 | |
| Necropolis | 1 | |
22 total
» build order
00:14 Crypt
00:22 Graveyard
00:42 Altar of Darkness
01:06 Ziggurat
01:27 Tomb of Relics
01:50 Ziggurat
03:52 Nerubian Tower
05:09 Spirit Tower
05:25 Ziggurat
06:39 Halls of the Dead
09:05 Slaughterhouse
09:25 Ziggurat
09:29 Ziggurat
09:42 Temple of the Damned
12:23 Ziggurat
13:25 Ziggurat
13:28 Ziggurat
13:46 Ziggurat
13:49 Nerubian Tower
18:09 Nerubian Tower
18:19 Necropolis
18:25 Ziggurat
» items
| Rod of Necromancy | 1 | |
| Dust of Appearance | 1 | |
2 total
Jesus_Loves_U (
pink | 79 APM | 2166 actions | 27:23)
4 Demon Hunter
2 Mana Burn
2 Evasion
4 Priestess of the Moon
2 Trueshot Aura
1 Scout
1 Searing Arrows
» actions
| Assign group hotkey | 46 | |
| Basic commands | 35 | |
| Build / train | 71 | |
| Enter build submenu | 31 | |
| Enter hero's abilities submenu | 9 | |
| Remove unit from queue | 1 | |
| Right click | 799 | |
| Select / deselect | 393 | |
| Select group hotkey | 696 | |
| Use ability | 85 | |
2166 total
» units
| Wisp | 28 | |
| Huntress | 6 | |
| Dryad | 8 | |
| Faerie Dragon | 2 | |
| Hippogryph | 6 | |
50 total
» upgrades
| Abolish Magic | 1 | |
| Strength of the Wild | 3 | |
4 total
» buildings
| Altar of Elders | 1 | |
| Moon Well | 5 | |
| Hunter's Hall | 1 | |
| Ancient of War | 1 | |
| Ancient Protector | 10 | |
| Tree of Ages | 1 | |
| Ancient of Lore | 2 | |
| Ancient of Wonders | 1 | |
| Ancient of Wind | 1 | |
| Tree of Eternity | 1 | |
| Tree of Life | 1 | |
25 total
» build order
00:12 Altar of Elders
00:19 Moon Well
01:14 Hunter's Hall
01:36 Ancient of War
02:02 Moon Well
02:40 Ancient Protector
03:47 Tree of Ages
04:09 Moon Well
06:48 Ancient of Lore
06:59 Ancient of Lore
07:02 Moon Well
08:08 Ancient Protector
09:00 Ancient of Wonders
09:29 Ancient of Wind
10:33 Moon Well
11:51 Ancient Protector
13:58 Ancient Protector
14:00 Ancient Protector
14:35 Tree of Eternity
18:19 Ancient Protector
19:38 Ancient Protector
20:04 Ancient Protector
20:05 Tree of Life
21:30 Ancient Protector
21:32 Ancient Protector
» items
| Scroll of Town Portal | 2 | |
| Healing Salve | 1 | |
| Potion of Healing | 1 | |
| Staff of Preservation | 1 | |
5 total
RoDge (
teal | 61 APM | 1744 actions | 28:48)
5 Tauren Chieftain
3 Shockwave
1 Endurance Aura
1 War Stomp
2 Pandaren Brewmaster
1 Breath of Fire
1 Drunken Brawler
» actions
| Assign group hotkey | 16 | |
| Basic commands | 51 | |
| Build / train | 50 | |
| Enter build submenu | 22 | |
| Enter hero's abilities submenu | 8 | |
| Remove unit from queue | 2 | |
| Right click | 844 | |
| Select / deselect | 317 | |
| Select group hotkey | 333 | |
| Use ability | 101 | |
1744 total
» units
| Peon | 14 | |
| Grunt | 6 | |
| Troll Witch Doctor | 4 | |
| Tauren | 2 | |
26 total
» upgrades
| Armor | 1 | |
| Witch Doctor Training | 2 | |
| Reinforced Defenses | 1 | |
| Pulverize | 1 | |
5 total
» buildings
| Altar of Storms | 1 | |
| Orc Burrow | 10 | |
| Barracks | 1 | |
| Voodoo Lounge | 1 | |
| Stronghold | 1 | |
| War Mill | 1 | |
| Fortress | 1 | |
| Spirit Lodge | 1 | |
| Tauren Totem | 2 | |
| Great Hall | 2 | |
| Watch Tower | 1 | |
22 total
» build order
00:08 Altar of Storms
00:17 Orc Burrow
01:07 Barracks
01:25 Orc Burrow
01:48 Voodoo Lounge
03:53 Stronghold
05:08 War Mill
05:27 Orc Burrow
05:32 Orc Burrow
06:39 Fortress
06:47 Spirit Lodge
09:01 Tauren Totem
09:31 Tauren Totem
10:23 Orc Burrow
11:33 Orc Burrow
13:58 Great Hall
14:40 Watch Tower
15:34 Great Hall
19:47 Orc Burrow
19:50 Orc Burrow
19:56 Orc Burrow
20:00 Orc Burrow
» items
| Scroll of Speed | 2 | |
| Dust of Appearance | 2 | |
| Scroll of Town Portal | 1 | |
| Periapt of Vitality | 1 | |
6 total
XX-NIGHT_ELF-XX (
blue | 58 APM | 1679 actions | 28:48)
3 Death Knight
2 Death Coil
1 Unholy Aura
3 Lich
2 Frost Nova
1 Dark Ritual
» actions
| Assign group hotkey | 12 | |
| Basic commands | 55 | |
| Build / train | 64 | |
| ESC pressed | 3 | |
| Enter build submenu | 26 | |
| Enter hero's abilities submenu | 6 | |
| Give item / drop item | 1 | |
| Right click | 905 | |
| Select / deselect | 265 | |
| Select group hotkey | 246 | |
| Use ability | 96 | |
1679 total
» units
| Acolyte | 11 | |
| Ghoul | 6 | |
| Crypt Fiend | 10 | |
| Meatwagon | 8 | |
35 total
» upgrades
| Burrow | 1 | |
| Creature Attack | 2 | |
| Web | 1 | |
| Creature Carapace | 1 | |
| Unholy Strength | 2 | |
| Exhume Corpses | 1 | |
8 total
» buildings
| Graveyard | 2 | |
| Crypt | 2 | |
| Ziggurat | 14 | |
| Altar of Darkness | 1 | |
| Tomb of Relics | 1 | |
| Nerubian Tower | 1 | |
| Halls of the Dead | 1 | |
| Black Citadel | 1 | |
| Sacrificial Pit | 1 | |
| Spirit Tower | 4 | |
| Necropolis | 1 | |
| Slaughterhouse | 3 | |
32 total
» build order
00:07 Graveyard
00:12 Crypt
00:15 Crypt
00:46 Ziggurat
01:02 Altar of Darkness
01:52 Tomb of Relics
02:02 Ziggurat
02:42 Nerubian Tower
04:53 Halls of the Dead
05:14 Ziggurat
07:34 Black Citadel
09:31 Graveyard
09:41 Ziggurat
11:16 Sacrificial Pit
11:43 Spirit Tower
12:19 Ziggurat
12:20 Ziggurat
13:23 Necropolis
14:01 Spirit Tower
14:37 Ziggurat
14:38 Ziggurat
14:40 Ziggurat
14:42 Ziggurat
15:34 Slaughterhouse
15:37 Slaughterhouse
15:39 Slaughterhouse
15:49 Spirit Tower
16:36 Spirit Tower
24:39 Ziggurat
24:39 Ziggurat
24:39 Ziggurat
24:40 Ziggurat
» items
| Rod of Necromancy | 3 | |
| Dust of Appearance | 1 | |
| Orb of Corruption | 1 | |
5 total
team 2 (winner)
BEAR_AND (
yellow | 92 APM | 2666 actions | 28:49)
7 Warden
3 Shadow Strike
3 Blink
1 Fan of Knives
» actions
| Assign group hotkey | 7 | |
| Basic commands | 3 | |
| Build / train | 60 | |
| Enter build submenu | 23 | |
| Enter hero's abilities submenu | 7 | |
| Give item / drop item | 2 | |
| Remove unit from queue | 2 | |
| Right click | 1593 | |
| Select / deselect | 205 | |
| Select group hotkey | 628 | |
| Use ability | 135 | |
2666 total
» units
» upgrades
| Ultravision | 1 | |
| Well Spring | 1 | |
| Strength of the Wild | 3 | |
| Corrosive Breath | 1 | |
| Reinforced Hides | 1 | |
| Nature's Blessing | 1 | |
8 total
» buildings
| Altar of Elders | 2 | |
| Moon Well | 11 | |
| Tree of Ages | 1 | |
| Ancient of Wonders | 1 | |
| Tree of Eternity | 1 | |
| Ancient of Wind | 1 | |
| Hunter's Hall | 1 | |
| Chimaera Roost | 2 | |
| Tree of Life | 1 | |
21 total
» build order
00:06 Altar of Elders
00:17 Moon Well
00:58 Moon Well
03:37 Tree of Ages
04:49 Moon Well
04:50 Moon Well
06:37 Ancient of Wonders
07:04 Moon Well
07:44 Tree of Eternity
08:01 Moon Well
08:03 Moon Well
08:12 Ancient of Wind
09:24 Hunter's Hall
10:34 Chimaera Roost
10:34 Chimaera Roost
22:03 Tree of Life
26:15 Moon Well
26:16 Moon Well
26:16 Moon Well
27:12 Moon Well
28:11 Altar of Elders
» items
| Lesser Clarity Potion | 4 | |
| Boots of Speed | 1 | |
| Staff of Teleportation | 2 | |
| Orb of Venom | 1 | |
| Staff of Preservation | 1 | |
| Scroll of Town Portal | 3 | |
| Potion of Mana | 1 | |
| Healing Salve | 1 | |
14 total
dirtmcwordup (
green | 70 APM | 2012 actions | 28:48)
6 Blademaster
3 Wind Walk
2 Critical Strike
1 Bladestorm
» actions
| Assign group hotkey | 14 | |
| Basic commands | 23 | |
| Build / train | 67 | |
| ESC pressed | 1 | |
| Enter build submenu | 41 | |
| Enter hero's abilities submenu | 6 | |
| Give item / drop item | 1 | |
| Right click | 1041 | |
| Select / deselect | 216 | |
| Select group hotkey | 481 | |
| Use ability | 121 | |
2012 total
» units
» upgrades
| Ranged Weapons | 4 | |
| Liquid Fire | 1 | |
| Reinforced Defenses | 1 | |
| Armor | 2 | |
8 total
» buildings
| War Mill | 1 | |
| Altar of Storms | 1 | |
| Orc Burrow | 4 | |
| Watch Tower | 31 | |
| Voodoo Lounge | 2 | |
| Stronghold | 1 | |
| Beastiary | 2 | |
| Fortress | 1 | |
| Great Hall | 1 | |
44 total
» build order
00:03 War Mill
00:11 Altar of Storms
00:21 Orc Burrow
01:33 Watch Tower
02:03 Watch Tower
02:47 Watch Tower
02:49 Orc Burrow
03:26 Watch Tower
03:44 Voodoo Lounge
04:03 Watch Tower
04:05 Watch Tower
04:09 Watch Tower
04:11 Stronghold
04:14 Watch Tower
04:40 Watch Tower
04:58 Watch Tower
06:02 Watch Tower
06:17 Watch Tower
06:27 Watch Tower
06:28 Watch Tower
07:11 Beastiary
07:12 Beastiary
07:19 Orc Burrow
07:21 Orc Burrow
08:12 Watch Tower
08:13 Watch Tower
09:02 Watch Tower
09:04 Watch Tower
09:48 Fortress
10:27 Watch Tower
11:04 Voodoo Lounge
11:14 Watch Tower
11:20 Watch Tower
12:40 Watch Tower
22:07 Great Hall
22:51 Watch Tower
22:51 Watch Tower
22:52 Watch Tower
22:54 Watch Tower
22:54 Watch Tower
22:55 Watch Tower
25:08 Watch Tower
25:09 Watch Tower
25:10 Watch Tower
» items
| Dust of Appearance | 1 | |
| Staff of Teleportation | 1 | |
| Boots of Speed | 1 | |
| Potion of Healing | 3 | |
| Potion of Mana | 2 | |
| Orb of Lightning | 1 | |
| Scroll of Town Portal | 2 | |
| Healing Salve | 3 | |
| Lesser Clarity Potion | 3 | |
17 total
iggy_the_fisk (
purple | 86 APM | 2473 actions | 28:48)
4 Archmage
2 Blizzard
2 Brilliance Aura
3 Blood Mage
2 Flame Strike
1 Siphon Mana
» actions
| Assign group hotkey | 45 | |
| Basic commands | 14 | |
| Build / train | 100 | |
| Enter build submenu | 77 | |
| Enter hero's abilities submenu | 7 | |
| Give item / drop item | 5 | |
| Remove unit from queue | 3 | |
| Right click | 1246 | |
| Select / deselect | 401 | |
| Select group hotkey | 391 | |
| Use ability | 183 | |
2473 total
» units
| Peasant | 18 | |
| Dragonhawk Rider | 4 | |
22 total
» upgrades
| Masonry | 3 | |
| Magic Sentry | 1 | |
| Swords | 1 | |
| Animal War Training | 1 | |
6 total
» buildings
| Altar of Kings | 1 | |
| Farm | 7 | |
| Lumber Mill | 1 | |
| Scout Tower | 58 | |
| Guard Tower | 46 | |
| Arcane Vault | 1 | |
| Keep | 1 | |
| Castle | 1 | |
| Arcane Sanctum | 1 | |
| Gryphon Aviary | 1 | |
| Blacksmith | 1 | |
| Barracks | 1 | |
| Arcane Tower | 1 | |
| Town Hall | 1 | |
122 total
» build order
00:04 Altar of Kings
00:19 Farm
00:34 Lumber Mill
00:47 Farm
01:27 Scout Tower
01:44 Scout Tower
01:53 Scout Tower
01:55 Guard Tower
02:10 Scout Tower
02:11 Guard Tower
02:24 Guard Tower
02:28 Scout Tower
02:48 Guard Tower
02:49 Scout Tower
03:07 Guard Tower
03:09 Scout Tower
03:11 Arcane Vault
03:30 Guard Tower
03:31 Scout Tower
03:42 Guard Tower
03:42 Guard Tower
03:43 Guard Tower
03:49 Scout Tower
04:22 Guard Tower
04:31 Guard Tower
04:33 Scout Tower
04:34 Scout Tower
04:37 Scout Tower
04:40 Scout Tower
04:42 Scout Tower
04:45 Scout Tower
04:46 Scout Tower
05:08 Guard Tower
05:10 Scout Tower
05:12 Scout Tower
05:13 Guard Tower
05:15 Guard Tower
05:43 Guard Tower
06:39 Scout Tower
06:47 Guard Tower
06:48 Scout Tower
06:58 Scout Tower
06:59 Scout Tower
07:03 Keep
07:07 Guard Tower
07:09 Scout Tower
07:32 Scout Tower
07:35 Guard Tower
07:46 Guard Tower
07:48 Scout Tower
07:49 Scout Tower
07:53 Scout Tower
07:54 Scout Tower
07:58 Guard Tower
08:00 Scout Tower
08:03 Scout Tower
08:05 Guard Tower
08:10 Farm
08:23 Scout Tower
08:24 Scout Tower
08:28 Guard Tower
08:38 Guard Tower
08:46 Guard Tower
08:48 Scout Tower
09:11 Guard Tower
09:20 Guard Tower
09:57 Guard Tower
11:03 Castle
11:22 Arcane Sanctum
12:27 Farm
12:28 Farm
12:40 Scout Tower
12:41 Scout Tower
12:45 Scout Tower
12:48 Scout Tower
12:49 Scout Tower
12:52 Scout Tower
12:53 Scout Tower
12:55 Scout Tower
12:55 Scout Tower
13:00 Gryphon Aviary
13:01 Blacksmith
13:03 Barracks
13:14 Guard Tower
13:28 Guard Tower
14:07 Guard Tower
14:29 Guard Tower
15:10 Guard Tower
15:35 Scout Tower
15:37 Scout Tower
16:17 Guard Tower
17:00 Guard Tower
17:26 Scout Tower
17:55 Arcane Tower
19:04 Scout Tower
19:34 Guard Tower
19:44 Farm
19:45 Farm
21:46 Scout Tower
21:48 Scout Tower
22:07 Scout Tower
22:09 Scout Tower
22:17 Guard Tower
22:35 Scout Tower
22:41 Scout Tower
22:43 Scout Tower
22:49 Scout Tower
22:54 Guard Tower
23:09 Guard Tower
23:11 Scout Tower
23:14 Scout Tower
23:15 Guard Tower
23:20 Scout Tower
23:28 Guard Tower
23:29 Scout Tower
23:46 Guard Tower
23:52 Guard Tower
24:00 Guard Tower
27:01 Town Hall
» items
| Potion of Lesser Invulnerability | 1 | |
| Scroll of Regeneration | 2 | |
| Staff of Sanctuary | 2 | |
| Dust of Appearance | 1 | |
| Scroll of Town Portal | 2 | |
| Orb of Lightning | 2 | |
| Lesser Clarity Potion | 1 | |
11 total
smerb.COM.COM (
orange | 57 APM | 1637 actions | 28:48)
3 Blood Mage
2 Flame Strike
1 Siphon Mana
» actions
| Assign group hotkey | 6 | |
| Basic commands | 60 | |
| Build / train | 132 | |
| ESC pressed | 8 | |
| Enter build submenu | 81 | |
| Enter hero's abilities submenu | 3 | |
| Give item / drop item | 3 | |
| Right click | 762 | |
| Select / deselect | 391 | |
| Select group hotkey | 22 | |
| Use ability | 169 | |
1637 total
» units
» upgrades
| Masonry | 3 | |
| Magic Sentry | 1 | |
| Lumber Harvesting | 1 | |
5 total
» buildings
| Altar of Kings | 1 | |
| Farm | 9 | |
| Scout Tower | 82 | |
| Lumber Mill | 2 | |
| Arcane Tower | 4 | |
| Barracks | 1 | |
| Guard Tower | 57 | |
| Keep | 2 | |
| Blacksmith | 1 | |
| Arcane Vault | 2 | |
| Castle | 1 | |
| Arcane Sanctum | 1 | |
| Workshop | 1 | |
| Cannon Tower | 2 | |
166 total
» build order
00:06 Altar of Kings
00:09 Farm
01:17 Farm
01:23 Scout Tower
01:32 Lumber Mill
01:45 Farm
02:02 Arcane Tower
02:02 Arcane Tower
02:05 Scout Tower
02:22 Scout Tower
02:28 Barracks
02:31 Scout Tower
02:46 Guard Tower
02:47 Guard Tower
02:49 Scout Tower
02:56 Farm
02:59 Scout Tower
03:06 Farm
03:09 Scout Tower
03:36 Scout Tower
03:38 Scout Tower
03:41 Guard Tower
03:41 Guard Tower
03:50 Scout Tower
04:05 Farm
04:09 Scout Tower
04:14 Guard Tower
04:14 Guard Tower
04:14 Guard Tower
04:24 Scout Tower
04:54 Guard Tower
04:55 Guard Tower
04:56 Farm
05:01 Farm
05:13 Guard Tower
05:13 Guard Tower
05:28 Scout Tower
05:52 Scout Tower
05:55 Guard Tower
06:12 Guard Tower
06:15 Scout Tower
06:34 Guard Tower
06:34 Guard Tower
06:35 Scout Tower
06:55 Guard Tower
07:00 Keep
07:00 Keep
07:01 Blacksmith
07:12 Arcane Vault
07:16 Guard Tower
07:55 Farm
08:05 Scout Tower
08:06 Scout Tower
08:07 Scout Tower
08:15 Scout Tower
08:16 Scout Tower
08:17 Scout Tower
08:18 Scout Tower
08:19 Scout Tower
08:47 Guard Tower
08:48 Guard Tower
08:50 Scout Tower
08:51 Scout Tower
09:01 Scout Tower
09:02 Scout Tower
09:03 Scout Tower
09:04 Scout Tower
09:26 Scout Tower
09:27 Scout Tower
09:28 Scout Tower
09:28 Scout Tower
09:38 Scout Tower
09:40 Guard Tower
09:42 Guard Tower
09:42 Guard Tower
09:50 Guard Tower
09:51 Guard Tower
10:09 Guard Tower
10:10 Scout Tower
10:11 Scout Tower
10:50 Guard Tower
10:55 Castle
10:58 Scout Tower
11:19 Guard Tower
11:21 Scout Tower
11:23 Scout Tower
12:15 Guard Tower
12:15 Guard Tower
12:16 Guard Tower
12:21 Scout Tower
12:23 Scout Tower
12:23 Scout Tower
12:24 Scout Tower
12:24 Scout Tower
12:42 Scout Tower
12:43 Guard Tower
12:56 Arcane Sanctum
12:58 Scout Tower
13:12 Guard Tower
13:12 Guard Tower
13:22 Guard Tower
13:22 Guard Tower
13:22 Guard Tower
13:38 Guard Tower
13:38 Guard Tower
13:38 Guard Tower
14:17 Guard Tower
14:17 Guard Tower
14:34 Guard Tower
14:35 Guard Tower
15:14 Lumber Mill
15:25 Guard Tower
15:37 Scout Tower
15:38 Scout Tower
15:40 Scout Tower
15:50 Scout Tower
16:01 Guard Tower
16:29 Scout Tower
16:31 Scout Tower
16:47 Guard Tower
16:50 Scout Tower
16:51 Scout Tower
16:52 Scout Tower
17:55 Workshop
18:15 Guard Tower
18:20 Scout Tower
18:21 Scout Tower
18:26 Arcane Tower
19:13 Cannon Tower
19:13 Cannon Tower
19:38 Arcane Tower
19:44 Guard Tower
22:01 Arcane Vault
22:09 Guard Tower
22:10 Scout Tower
22:11 Scout Tower
22:12 Scout Tower
22:56 Scout Tower
22:57 Scout Tower
22:58 Scout Tower
22:59 Scout Tower
23:21 Scout Tower
23:22 Scout Tower
23:26 Scout Tower
23:27 Scout Tower
23:27 Scout Tower
24:09 Guard Tower
24:10 Scout Tower
24:12 Scout Tower
24:23 Scout Tower
24:24 Scout Tower
24:25 Scout Tower
24:26 Scout Tower
24:27 Scout Tower
24:29 Scout Tower
24:29 Scout Tower
24:33 Scout Tower
24:35 Scout Tower
24:35 Scout Tower
» items
| Lesser Clarity Potion | 5 | |
| Mechanical Critter | 5 | |
| Scroll of Regeneration | 2 | |
| Boots of Speed | 1 | |
| Potion of Invisibility | 1 | |
| Staff of Teleportation | 4 | |
| Orb of Lightning | 1 | |
| Scroll of Town Portal | 1 | |
| Healing Salve | 2 | |
| Potion of Healing | 3 | |
| Potion of Mana | 2 | |
27 total
Chat log
(00:20 / Allies) iggy_the_fisk: yea
(00:21 / Allies) iggy_the_fisk: i got top two
(00:40 / Allies) dirtmcwordup: but we are messed up
(00:43 / Allies) iggy_the_fisk: yeah there are awesome spawns
(00:54 / Allies) dirtmcwordup: did these guys quit war3
(00:56 / Allies) dirtmcwordup: to play poker
(00:58 / All) XX-NIGHT_ELF-XX: so do only bzrk kids play 4s now
(01:00 / All) XX-NIGHT_ELF-XX: ?
(01:00 / Allies) dirtmcwordup: rsjr was original to do that
(01:05 / All) dirtmcwordup: huh
(01:08 / All) BEAR_AND: bzerk lmao
(01:12 / All) dirtmcwordup: bzrk is shit ass whack clown clann
(01:19 / All) BEAR_AND: we beat bzrek every day
(01:26 / All) XX-NIGHT_ELF-XX: or fewa p4k w/e the hell u wanna call em
(01:33 / All) BEAR_AND: p4k horrible & has been dead for a while
(01:46 / All) XX-NIGHT_ELF-XX: pt4l basically the proto bitches
(01:52 / All) BEAR_AND: pt4l disband
(01:52 / All) dirtmcwordup: lmfao
(01:54 / All) BEAR_AND: became aowc
(01:56 / All) smerb.COM.COM: Good luck and have fun. ^_^
(01:58 / All) dirtmcwordup: im sticking my dick in your ass soo hard atm
(02:05 / All) dirtmcwordup: u a tard?
(02:07 / All) XX-NIGHT_ELF-XX: gl smerb
(02:15 / All) XX-NIGHT_ELF-XX: <-- press_
(02:19 / All) dirtmcwordup: im reachin around and jerking u off so stfu
(02:32 / All) dirtmcwordup: i tickle ur prostate and u close to climax
(02:34 / Allies) iggy_the_fisk: shittiest fuckin feeding
(02:35 / All) dirtmcwordup: u release all over my chest
(03:11 / All) dirtmcwordup: buh bye teal
(03:18 / Allies) iggy_the_fisk: gdang they bad
(03:20 / All) smerb.COM.COM: FUCK
(03:21 / All) smerb.COM.COM: LOL
(03:23 / All) dirtmcwordup: lmfao!!!!!!!!!!!! pow
(03:24 / Allies) iggy_the_fisk: 6 acos down?
(03:32 / All) dirtmcwordup: u got raped doggy dirt style
(03:33 / All) smerb.COM.COM: Right in the fucking kisser, amirite?
(05:01 / Allies) BEAR_AND: i'm muting these
(05:07 / Allies) smerb.COM.COM: lol
(05:08 / Allies) dirtmcwordup: chea chea
(05:11 / Allies) smerb.COM.COM: i dont know i t think poker
(06:37 / Allies) smerb.COM.COM: hrmm
(06:39 / Allies) smerb.COM.COM: muted now too
(06:44 / Allies) iggy_the_fisk: had to mute a billion clowns
(07:31 / All) dirtmcwordup: 1
(07:36 / All) dirtmcwordup: hero?
(07:46 / All) smerb.COM.COM: kekekeke
(07:49 / All) smerb.COM.COM: Good luck and have fun.
(07:53 / All) dirtmcwordup: comeing for hero/grunt
(07:55 / All) dirtmcwordup: be-ware
(08:01 / All) smerb.COM.COM: FUCK
(08:31 / All) dirtmcwordup: drink dme wells boy
(08:42 / Allies) iggy_the_fisk: everything 4 hp
(08:54 / Allies) iggy_the_fisk: why didn't you have shockwave
(09:00 / Allies) iggy_the_fisk: lum
(13:21 / Allies) iggy_the_fisk: lum
(14:23 / Allies) iggy_the_fisk: what
(14:26 / Allies) iggy_the_fisk: faerie dragons
(18:39 / Allies) iggy_the_fisk: siege finally
(19:17 / Allies) iggy_the_fisk: need to steal an expo
(19:20 / Allies) iggy_the_fisk: was too late on that one
(19:23 / Allies) iggy_the_fisk: left one
(19:26 / Allies) iggy_the_fisk: shoul be open
(19:57 / All) BEAR_AND: quit
(20:00 / All) BEAR_AND: bwahahhahah
(20:12 / Allies) iggy_the_fisk: they right below
(20:30 / Allies) iggy_the_fisk: ok many siege now
(22:31 / All) BEAR_AND: qwuit
(22:31 / All) BEAR_AND: quit
(22:32 / All) BEAR_AND: quit
(22:33 / All) BEAR_AND: noobs
(26:49 / Allies) iggy_the_fisk: 100 gols
(27:10 / All) XX-NIGHT_ELF-XX: stupid emo kids in 4s
(27:11 / All) dirtmcwordup: lmfao!
(27:13 / All) BEAR_AND: bye
(27:16 / All) smerb.COM.COM: Excuse me?
(27:20 / All) smerb.COM.COM: Learn some manners.
(27:23 / All) dirtmcwordup: LMFO! gg noobies. lol
(27:24 / All) XX-NIGHT_ELF-XX: ive met jared
(27:26 / All) cellardoor.: fuck you
(27:28 / All) XX-NIGHT_ELF-XX: i know u kids r emo
(27:28 / All) smerb.COM.COM: Wonderful
(27:32 / All) smerb.COM.COM: cellar door
(27:33 / All) XX-NIGHT_ELF-XX: and so is clitura
(27:34 / All) smerb.COM.COM: learn some manners
(27:38 / All) cellardoor.: i said
(27:40 / All) dirtmcwordup: u guys ever see donny darko?
(27:41 / All) iggy_the_fisk: Lose with style plz..
(27:42 / All) smerb.COM.COM: Who are you taling about you angsty teen?
(27:44 / All) smerb.COM.COM: talking
(27:45 / All) cellardoor.: not bitch
(27:49 / All) smerb.COM.COM: Relax
(28:10 / All) cellardoor.: i am relaxed
(28:21 / All) cellardoor.: this is just for noobs
(28:24 / All) BEAR_AND: bye
(28:25 / All) BEAR_AND: see u
(28:30 / All) smerb.COM.COM: Cellar door
(28:31 / All) BEAR_AND: quit
(28:33 / All) smerb.COM.COM: I said keep this manners.
(28:40 / All) smerb.COM.COM: Mannered if possible, thanks in advance
(28:42 / All) BEAR_AND: keith you know my style....
(28:42 / All) smerb.COM.COM: Yes.
(28:44 / All) cellardoor.: that's good english
(28:48 / All) smerb.COM.COM: Thank you.